Map: Frozen Temple

Players

Stats - Winner!

  • Race: Protoss Protoss

Snute

  • Race: Zerg Zerg

Event: 2016 WCS Global Finals

VOD

Have the link to the VOD?

Description

Time

  • Played on: Oct. 27, 2016, 12:13 p.m.
  • Length: 7:27

All games in this series

Show
View Real Time Build Order
Export as new Build Order

Stats Protoss - Winner!

Build Orders: Nexus First, Zealot Archon, Dark Templar Rush 

Get SALT Encoding   

  12  0:00  Probe (Chrono Boost)  
  13  0:11  Probe (Chrono Boost)  
  14  0:17  Pylon  
  14  0:22  Probe (Chrono Boost)  
  15  0:36  Probe (Chrono Boost)  
  16  0:46  Probe (Chrono Boost)  
  17  0:57  Nexus  
  17  1:07  Gateway  
  17  1:10  Probe (Chrono Boost)  
  18  1:17  Assimilator  
  18  1:21  Probe (Chrono Boost)  
  18  1:23  Assimilator  
  19  1:31  Probe (Chrono Boost)  
  20  1:34  Pylon  
  20  1:42  Probe (Chrono Boost)  
  21  1:52  Probe (Chrono Boost)  
  22  1:54  Cybernetics Core  
  22  1:57  Zealot  
  24  2:03  Probe (Chrono Boost)  
  25  2:09  Probe (Chrono Boost)  
  25  2:13  Probe (Chrono Boost)  
  27  2:20  Probe (Chrono Boost)  
  28  2:24  Probe (Chrono Boost)  
  28  2:27  Stalker  
  29  2:30  Probe (Chrono Boost)  
  29  2:31  Warp Gate  
  29  2:36  Probe (Chrono Boost)  
  33  2:38  Twilight Council  
  33  2:41  Probe (Chrono Boost)  
  34  2:48  Probe (Chrono Boost)  
  35  2:52  Probe (Chrono Boost)  
  36  2:59  Probe (Chrono Boost)  
  36  3:00  Robotics Facility  
  36  3:04  Probe (Chrono Boost)  
  38  3:10  Pylon, Probe (Chrono Boost)  
  39  3:15  Probe (Chrono Boost)  
  39  3:19  Dark Shrine  
  40  3:22  Probe (Chrono Boost)  
  40  3:25  Assimilator, Probe (Chrono Boost)  
  42  3:27  Assimilator  
  42  3:32  Probe (Chrono Boost)  
  43  3:36  Probe (Chrono Boost)  
  43  3:40  Gateway  
  44  3:43  Gateway  
  44  3:45  Gateway  
  44  3:47  Warp Prism  
  48  3:55  Probe x2 (Chrono Boost)  
  48  4:00  Pylon  
  48  4:06  Probe (Chrono Boost)  
  48  4:07  Probe (Chrono Boost)  
  50  4:14  Pylon  
  52  4:18  Mothership Core (Chrono Boost)  
  52  4:24  Pylon  
  52  4:37  Charge  
  52  4:40  Dark Templar x4  
  60  4:47  Archon x2, Gateway  
  60  4:48  Gateway  
  60  4:56  Gateway  
  60  4:57  Immortal  
  64  5:11  Gateway  
  64  5:24  Zealot x2, Sentry  
  70  5:29  Pylon  
  70  5:31  Immortal  
  70  5:34  Sentry  
  72  5:38  Pylon x2  
  76  5:49  Sentry x2  
  80  5:54  Zealot x3  
  86  6:07  Observer  
  86  6:10  Zealot x3  
  93  6:12  Pylon  
  93  6:13  Pylon  
  93  6:23  Dark Templar x2, Zealot x2  
  101  6:27  Archon  
  101  6:29  Pylon  
  101  6:30  Zealot x2  
  105  6:34  Zealot  
  105  6:52  Zealot x6  
  115  6:57  Zealot x2  
  105  7:13  Zealot x5  
  109  7:19  Zealot x2  
  113  7:22  Zealot  
Show
View Real Time Build Order
Export as new Build Order

Snute Zerg 

Build Orders: Hatch First 

Get SALT Encoding   

  12  0:00  Drone  
  13  0:12  Overlord  
  13  0:17  Drone  
  14  0:30  Drone x2  
  14  0:34  Drone  
  17  0:52  Hatchery  
  17  0:54  Drone  
  17  0:57  Drone  
  17  1:01  Extractor  
  17  1:12  Spawning Pool  
  17  1:15  Drone  
  17  1:18  Drone  
  18  1:28  Drone  
  19  1:38  Overlord  
  19  1:50  Drone  
  20  1:59  Queen  
  20  2:01  Drone  
  23  2:02  Metabolic Boost  
  23  2:04  Queen  
  23  2:08  Drone  
  26  2:11  Drone  
  26  2:15  Drone  
  28  2:21  Zergling x2  
  29  2:25  Drone  
  30  2:32  Drone  
  31  2:38  Drone  
  31  2:39  Hatchery  
  31  2:43  Overlord  
  31  2:48  Drone  
  32  2:54  Drone, Queen  
  32  2:57  Drone  
  36  3:05  Drone  
  37  3:07  Drone x3  
  37  3:09  Drone  
  37  3:11  Drone x2  
  37  3:12  Drone  
  44  3:16  Overlord  
  44  3:25  Drone, Extractor  
  44  3:28  Overlord  
  44  3:37  Drone  
  44  3:38  Drone  
  44  3:40  Lair  
  46  3:41  Drone  
  46  3:44  Roach Warren  
  46  3:49  Drone  
  46  3:51  Drone x3  
  46  3:52  Drone  
  46  3:53  Drone x2  
  46  3:54  Drone  
  54  3:59  Drone  
  54  4:01  Drone  
  54  4:02  Drone  
  57  4:07  Drone  
  58  4:11  Overlord  
  58  4:13  Overlord  
  58  4:15  Spore Crawler  
  57  4:24  Spore Crawler  
  57  4:26  Roach x5  
  57  4:27  Overlord  
  57  4:31  Roach x3  
  70  4:35  Roach x2  
  70  4:38  Roach  
  78  4:39  Overlord  
  78  4:42  Roach  
  78  4:44  Overlord  
  78  4:45  Zergling x2  
  81  4:50  Zergling x8  
  85  4:55  Queen  
  85  4:57  Queen  
  88  5:04  Spore Crawler, Overseer  
  87  5:07  Drone x5  
  92  5:17  Drone x5  
  96  5:22  Drone x2  
  96  5:28  Drone x6  
  103  5:33  Roach x3  
  106  5:47  Drone, Extractor x2  
  106  5:48  Drone  
  106  5:49  Drone  
  105  5:52  Hatchery  
  105  5:53  Spire  
  105  5:55  Drone x2  
  105  5:57  Overlord x2  
  104  6:06  Drone x2  
  104  6:07  Evolution Chamber  
  104  6:08  Drone  
  104  6:09  Extractor  
  104  6:10  Drone  
  106  6:12  Hatchery  
  106  6:14  Overlord  
  106  6:18  Drone x4  
  108  6:22  Overlord  
  108  6:25  Roach  
  108  6:27  Baneling Nest  
  108  6:29  Zergling x2  
  108  6:30  Zergling x10  
  113  6:38  Zergling x10  
  118  6:40  Ravager  
  118  6:42  Ravager  
  118  6:43  Roach x3  
  126  6:47  Roach x2  
  126  6:50  Roach  
  126  6:51  Roach x2  
  123  6:55  Roach  
  123  6:56  Roach x2  
  115  7:04  Overlord x3  
  92  7:09  Zergling x2  
  92  7:10  Zergling x6  
Tags
 
Add a new tag
Caveats
  • Supply blocks, unpowered buildings, or Contaminate may cause inaccurate times.
  • Supply counts are checked every 10 seconds.